 Dungeon Crawl Stone Soup version 0.24.0-13-gcf9b3192b9 (webtiles) character file.

Game seed: 12273653310962688913, levelgen mode: deterministic

68 Peloso the Shield-Bearer (level 4, -2/40 HPs)
             Began as a Minotaur Fighter on Nov 5, 2019.
             Killed by nerve-wracking pain
             ... invoked by Grinder
              (9 damage)
             ... on level 3 of the Dungeon.
             The game lasted 00:03:18 (1446 turns).

Peloso the Shield-Bearer (Minotaur Fighter)         Turns: 1446, Time: 00:03:19

Health: -2/40      AC:  9    Str: 25 (26) XL:     4   Next: 1%
Magic:  3/3        EV:  5    Int:  3 (5)  God:
Gold:   85         SH:  9    Dex:  7 (10) Spells: 3/3 levels left

rFire    . . .     SeeInvis .   a - +1 long sword
rCold    . . .     Gourm    .   c - +0 shield
rNeg     . . .     Faith    .   b - +0 scale mail
rPois    .         Spirit   .   (helmet restricted)
rElec    .         Reflect  .   e - +0 cloak
rCorr    .         Harm     .   j - +0 pair of gloves
MR       .....                  (no boots)
Stlth    ..........             (no amulet)
HPRegen  0.13/turn              (no ring)
MPRegen  0.08/turn              (no ring)

@: mighty, constricted
A: retaliatory headbutt, horns 2
a: no special abilities


You were on level 3 of the Dungeon.
You were hungry.

You visited 1 branch of the dungeon, and saw 3 of its levels.

You collected 85 gold pieces.

Inventory:

Hand Weapons
 a - a +1 long sword (weapon)
Armour
 b - a +0 scale mail (worn)
 c - a +0 shield (worn)
 e - a +0 cloak (worn)
 j - a +0 pair of gloves (worn)
Wands
 k - a wand of paralysis (7)
Scrolls
 g - a scroll of immolation {unknown}
 h - a scroll of noise
Potions
 p - a potion of curing
Comestibles
 f - 4 rations


   Skills:
 + Level 4.1 Fighting
 + Level 3.3 Long Blades
 + Level 4.2 Armour
 + Level 0.3 Dodging
 + Level 4.5 Shields


You had 3 spell levels left.
You didn't know any spells.
Your spell library was empty.

Dungeon Overview and Level Annotations

Branches:
Dungeon (3/15)

Altars:

Annotations:
D:2 1 runed translucent door, Crazy Yiuf
D:3 Grinder


Innate Abilities, Weirdness & Mutations

You reflexively headbutt those who attack you in melee.
You have a pair of horns on your head.


Message History

You barely miss Grinder.
The orc priest shouts!
You headbutt Grinder!
Grinder is moderately wounded.
Grinder gestures at you. Pain shoots through your body!
The orc priest calls down the wrath of Beogh upon you.
Beogh smites you!
* * * LOW HITPOINT WARNING * * *
The ball python bites you.
* * * LOW HITPOINT WARNING * * *
The ball python constricts you. Grinder hits you but does no damage.
The orc completely misses you.
Your shield and scale mail prevent you from hitting Grinder.
Grinder is moderately wounded.
The ball python bites you but does no damage.
The ball python constricts you. Grinder gestures at you.
Pain shoots through your body!
You die...

.....)... .......... #
$o..........
.....(...#.#
.........#.#
.........#.#
.....o.....#
......oS..#
......5@รท.#
...####..###.#
#......# #.####.######
#...........##########
##.###.##.............
#.##.............
#.##.............
#.###........####


You could see Grinder, an orc warrior, an orc priest, an orc and a ball python.

Vanquished Creatures
  3 adders
  2 worms (D:2)
  A dart slug (D:1)
  A giant cockroach (D:1)
  3 goblins
  4 hobgoblins
  3 jackals (D:2)
  5 kobolds
  A quokka (D:2)
  A ball python (D:2)
  3 bats
  2 frilled lizards (D:1)
  6 rats
35 creatures vanquished.

Notes
Turn   | Place    | Note
-------+----------+-------------------------------------------
     0 | D:1      | Peloso the Minotaur Fighter began the quest for the Orb.
     0 | D:1      | Reached XP level 1. HP: 19/19 MP: 0/0
   119 | D:1      | You fall into a shaft and drop 1 floor!
   130 | D:2      | Reached XP level 2. HP: 14/27 MP: 1/1
   269 | D:2      | Reached XP level 3. HP: 21/33 MP: 2/2
   335 | D:2      | Found a runed translucent door.
   336 | D:2      | Noticed Crazy Yiuf
  1420 | D:3      | Reached XP level 4. HP: 31/40 MP: 3/3
  1440 | D:3      | Noticed Grinder
  1441 | D:3      | Noticed an orc warrior
  1446 | D:3      | Killed from afar by Grinder

Levels and vault maps discovered:
D:1:      shiori_arrival_maze, layout_basic
D:2:      layout_basic, uniq_crazy_yiuf_cottage
D:3:      layout_basic, portal_sewer_entry_f, first_ration, uniq_grinder,
          uniq_terence, uniq_jessica, uniq_robin

Skill      XL: |  1  2  3 |
---------------+----------+-----
Shields        | 4 |  4.5
Fighting       | 4 |  4.1
Long Blades    | 3 |  3.3
Armour         | 4 |  4.2
Dodging        | |  0.3

Action                   |  1- 3 |  4- 6 || total
-------------------------+-------+-------++-------
Melee: Long sword        |   108 |     3 ||   111
       Headbutt          |    15 |     2 ||    17
  Use: Potion            |     5 |     1 ||     6
       Scroll            |     6 |       ||     6
  Eat: Chunk             |       |     1 ||     1
Armor: Scale mail        |    42 |     4 ||    46
Dodge: Dodged            |    33 |     1 ||    34
Block: Shield            |    65 |     3 ||    68
       Rpst.: Long sword |    16 |       ||    16
